 Dungeon Crawl Stone Soup version 0.30-a0-122-g2a1322497e (webtiles) character file.

Game seed: 6302499692853874235

7557 avis the Martial Artist (level 11, 0/58 HPs)
             Began as a Vine Stalker Transmuter on Sept 13, 2022.
             Slain by a two-headed ogre
             ... wielding a +0 giant spiked club
              (10 damage)
             ... on level 10 of the Dungeon on Sept 15, 2022.
             The game lasted 00:49:08 (9980 turns).

avis the Martial Artist (Vine Stalker Transmuter)   Turns: 9980, Time: 00:49:09

Health: 0/58       AC: 11    Str: 12    XL:     11   Next: 17%
Magic:  0/21       EV: 11    Int: 18    God:
Gold:   420        SH:  4    Dex: 18    Spells: 14/22 levels left

rFire   . . .      SeeInvis +      - Unarmed
rCold   . . .      Faith    .    v - +0 buckler
rNeg    . . .      Spirit   +    P - +0 swamp dragon scales
rPois   +          Reflect  .    D - +2 helmet {Int+3}
rElec   .          Harm     .    (no cloak)
rCorr   .          Rampage  .    (no gloves)
Will    +....                    p - +0 pair of boots
Stlth   +.........               (no amulet)
HPRegen 0.99/turn                G - ring of see invisible
MPRegen 0.17/turn                (no ring)

@: no status effects
A: fangs 3, regeneration 1, magic shield, antimagic bite, no potion heal 2
a: no special abilities


You were on level 10 of the Dungeon.
You visited 2 branches of the dungeon, and saw 11 of its levels.

You collected 420 gold pieces.

Inventory:

Hand Weapons
 a - a +0 shortbow
 I - a +0 whip of flaming
 J - a +1 vorpal flail
 O - a +1 scimitar of flaming
 Q - a +0 whip of electrocution
 R - a +1 whip of freezing
Missiles
 j - 49 poisoned darts
 y - 6 atropa-tipped darts
 H - 6 boomerangs of dispersal
 N - a boomerang
 U - 8 curare-tipped darts
Armour
 p - a +0 pair of boots (worn)
 v - a +0 buckler (worn)
 x - a +2 robe of fire resistance
 D - a +2 helmet of intelligence (worn)
 K - a +3 chain mail
 P - +0 swamp dragon scales (worn)
Jewellery
 B - an amulet of faith
 G - a ring of see invisible (left hand)
Wands
 E - a wand of quicksilver (7)
 L - a wand of mindburst (3)
 T - a wand of flame (21)
Scrolls
 c - a scroll of brand weapon {unknown}
 f - 5 scrolls of identify {unknown}
 g - 4 scrolls of noise {unknown}
 i - 4 scrolls of silence {unknown}
 m - a scroll of butterflies {unknown}
 o - a scroll of magic mapping {unknown}
 q - 2 scrolls of poison {unknown}
 r - 2 scrolls of vulnerability {unknown}
 w - 2 scrolls of blinking {unknown}
 A - a scroll of enchant armour {unknown}
 F - a scroll of torment {unknown}
 S - a scroll of fear {unknown}
 V - a scroll of amnesia {unknown}
 W - a scroll of teleportation {unknown}
Potions
 b - 2 potions of lignification
 d - 3 potions of mutation {unknown}
 e - 4 potions of degeneration
 h - 2 potions of magic {unknown}
 k - 2 potions of experience {unknown}
 l - 6 potions of curing {unknown}
 n - 3 potions of heal wounds {unknown}
 s - 3 potions of flight {unknown}
 t - 3 potions of might
 u - 2 potions of brilliance {unknown}
 z - 2 potions of ambrosia {unknown}
 C - a potion of haste {unknown}
 M - 3 potions of resistance


   Skills:
 - Level 7.0 Fighting
 - Level 3.0 Dodging
 * Level 12.3 Unarmed Combat
 - Level 6.0 Spellcasting
 - Level 7.0 Transmutations
 - Level 1.0 Poison Magic


You had 14 spell levels left.
You knew the following spells:

 Your Spells              Type           Power      Damage    Failure   Level
a - Beastly Appendage     Tmut           60%        N/A       2%          1
p - Spider Form           Tmut/Pois      19%        N/A       22%         3
q - Ice Form              Ice/Tmut       18%        N/A       65%         4

Your spell library contained the following spells:

 Spells                   Type           Power      Damage    Failure   Level
 Wereblood                Tmut           30%        N/A       3%          2
 Ignite Poison            Fire/Tmut/Pois 14%        N/A       36%         3
 Gell's Gravitas          Tloc           5%         N/A       75%         3
 Lesser Beckoning         Tloc           5%         N/A       75%         3
 Summon Guardian Golem    Hex/Summ       5%         N/A       75%         3
 Teleport Other           Tloc           5%         N/A       75%         3
 Sticky Flame             Conj/Fire      5%         2d3       98%         4
 Dispersal                Tloc           2%         N/A       100%        6
 Orb of Destruction       Conj           2%         9d5       100%        7
 Spellforged Servitor     Conj/Summ      2%         N/A       100%        7


Dungeon Overview and Level Annotations

Branches:
Dungeon (11/15)            Temple (1/1) D:5            Lair (0/5) D:8
    Orc: D:9-12

Altars:
Cheibriados
Dithmenos
Elyvilon
Fedhas
Hepliaklqana
Kikubaaqudgha
Nemelex Xobeh
Okawaru
Qazlal
Ru
Sif Muna
Vehumet
Wu Jian
Xom
Yredelemnul
Zin

Shops:
D:1 (   D:4 =


Innate Abilities, Weirdness & Mutations

You have razor-sharp teeth.
Your natural rate of healing is unusually fast.
When hurt, damage is shared between your health and your magic reserves.
Your bite disrupts and absorbs the magic of your enemies.
Potions cannot restore your health.


Message History

You bite the komodo dragon.
You kill the komodo dragon!
Things that are here:
a yak corpse; a yak corpse You hit the two-headed ogre.
You claw the two-headed ogre.
You headbutt the two-headed ogre, but do no damage.
The two-headed ogre is moderately wounded.
You block the two-headed ogre's attack. The two-headed ogre barely misses you.
You hit the two-headed ogre.
The two-headed ogre is moderately wounded.
You hit the two-headed ogre but do no damage.
You claw the two-headed ogre, but do no damage.
Your headbutt misses the two-headed ogre.
You bite the two-headed ogre. You drain its power.
You feel invigorated.
The two-headed ogre is moderately wounded.
The two-headed ogre barely misses you.
The two-headed ogre hits you with a +0 dire flail!
* * * LOW HITPOINT WARNING * * *
Your transformation is almost over.
There is an open door here.
There is an open door here.
Your horns disappear.
Your talons disappear.
Your +2 helmet of intelligence unmelds from your body.
Your +0 pair of boots unmelds from your body.
You feel clever.
There is an open door here.
Things that are here:
a +0 short sword; a kobold corpse
There is a broken door, spattered with blood here.
Items here: ( )))))) ††††.
You punch the two-headed ogre!
The two-headed ogre is moderately wounded.
The two-headed ogre hits you with a +0 giant spiked club!!
* * * LOW HITPOINT WARNING * * *
The two-headed ogre hits you with a +0 dire flail!
* * * LOW HITPOINT WARNING * * *
The two-headed ogre attacks as you move away!
You block the two-headed ogre's attack.
The two-headed ogre hits you with a +0 dire flail!
You die...

##.#.....)......#
+..#.....[......#
####............#
#............#
#########+#### #.#
######.# #......#
###@###### #)O.# ###
####)################..
#...)........##.....'..
+....[.......'..#####..
#............#### #>.
#............# #.[
###+#####..### #..
#......#+# ###


You could see a two-headed ogre.

Vanquished Creatures
  A hydra (D:10)
  Pikel (D:7)
  Maggie (D:7)
  A komodo dragon (D:10)
  Grinder (D:3)
  Sigmund (D:3)
  A shadow (D:10)
  16 yaks
  A steam dragon (D:7)
  An acid dragon (D:7)
  Duvessa (D:4)
  2 sky beasts
  An orc warrior (D:8)
  3 ice beasts
  An ogre (D:6)
  A black bear (D:5)
  3 centaurs
  2 lemures (D:7)
  5 kobold brigands
  4 bullfrogs
  3 necrophages
  2 scorpions
  Dowan (D:4)
  4 howler monkeys
  A hound (D:5)
  4 jellies
  2 orc priests
  2 iguanas
  Natasha (thrice) (D:3)
  7 orc wizards
  4 gnolls (D:5)
  10 adders
  3 shadow imps
  2 white imps
  An ufetubus (D:4)
  A worm (D:3)
  A dart slug (D:3)
  21 orcs
  8 bats
  5 endoplasms
  4 giant cockroaches
  10 hobgoblins
  2 jackals (D:1)
  4 quokkas
  8 ball pythons
  3 frilled lizards
  5 goblins
  28 kobolds
  2 rats (D:2)
199 creatures vanquished.

Notes
Turn   | Place    | Note
-------+----------+-------------------------------------------
     0 | D:1      | avis the Vine Stalker Transmuter began the quest for the
                  | Orb.
     0 | D:1      | Reached XP level 1. HP: 9/9 MP: 4/4
    60 | D:1      | Reached skill level 1 in Fighting
   340 | D:1      | Found a faded altar of an unknown god.
   349 | D:1      | Reached XP level 2. HP: 15/15 MP: 4/6
   511 | D:1      | Found Wudghosch's Weapon Boutique.
  1282 | D:1      | Reached XP level 3. HP: 13/18 MP: 7/7
  1460 | D:1      | Learned a level 3 spell: Spider Form
  2150 | D:2      | Reached skill level 4 in Unarmed Combat
  2468 | D:2      | Gained mutation: Your natural rate of healing is unusually
                  | fast. [Vine Stalker growth]
  2468 | D:2      | Reached XP level 4. HP: 8/23 MP: 5/8
  2830 | D:2      | Reached skill level 1 in Poison Magic
  3280 | D:3      | Noticed Natasha
  3285 | D:3      | Killed Natasha
  3286 | D:3      | Reached XP level 5. HP: 23/26 MP: 5/10
  3657 | D:3      | Noticed Natasha
  3708 | D:3      | Killed Natasha
  3714 | D:3      | Noticed Natasha
  3823 | D:3      | Killed Natasha
  3824 | D:3      | Reached XP level 6. HP: 20/32 MP: 5/11
  3992 | D:3      | Noticed Grinder
  3994 | D:3      | Noticed Sigmund
  4047 | D:3      | Paralysed by Grinder for 4 turns
  4062 | D:3      | Killed Grinder
  4063 | D:3      | Reached skill level 5 in Unarmed Combat
  4063 | D:3      | Reached XP level 7. HP: 11/36 MP: 12/12
  4277 | D:3      | Killed Sigmund
  4278 | D:3      | Reached skill level 6 in Unarmed Combat
  4715 | D:4      | Found Poomylinan's Jewellery Shop.
  5044 | D:4      | Found a glowing silver altar of Zin.
  5056 | D:4      | Noticed Duvessa
  5059 | D:4      | Noticed Dowan
  5068 | D:4      | Killed Duvessa
  5078 | D:4      | Killed Dowan
  5079 | D:4      | Reached skill level 7 in Unarmed Combat
  5804 | D:4      | Found a white marble altar of Elyvilon.
  5809 | D:4      | Upgraded the game from 0.30-a0-116-g3b1a8e4ee4 to
                  | 0.30-a0-118-ga018f8e90f
  5846 | D:5      | Entered Level 5 of the Dungeon
  5856 | D:5      | Gained mutation: You have razor-sharp teeth. [Vine Stalker
                  | growth]
  5856 | D:5      | Reached XP level 8. HP: 42/42 MP: 13/13
  5982 | D:5      | Found a staircase to the Ecumenical Temple.
  5999 | Temple   | Entered the Ecumenical Temple
  6429 | D:5      | Reached skill level 8 in Unarmed Combat
  6542 | D:5      | Found a sparkling altar of Nemelex Xobeh.
  6662 | D:5      | Found a blossoming altar of Fedhas.
  7308 | D:6      | Reached skill level 9 in Unarmed Combat
  7357 | D:5      | Reached XP level 9. HP: 38/46 MP: 4/16
  7538 | D:6      | Reached skill level 5 in Fighting
  7863 | D:6      | Upgraded the game from 0.30-a0-118-ga018f8e90f to
                  | 0.30-a0-122-g2a1322497e
  8003 | D:7      | Learned a level 4 spell: Ice Form
  8068 | D:7      | Reached skill level 10 in Unarmed Combat
  8070 | D:7      | Noticed Maggie
  8088 | D:7      | Killed Maggie
  8326 | D:7      | Noticed Pikel
  8340 | D:7      | Killed Pikel
  8374 | D:7      | Reached skill level 11 in Unarmed Combat
  8374 | D:7      | Reached XP level 10. HP: 53/53 MP: 17/17
  8639 | D:7      | Reached skill level 5 in Transmutations
  9258 | D:8      | Reached skill level 12 in Unarmed Combat
  9274 | D:8      | Reached skill level 5 in Spellcasting
  9562 | D:8      | Found a staircase to the Lair.
  9692 | D:8      | You fall into a shaft and drop 3 floors!
  9710 | D:10     | Entered Level 10 of the Dungeon
  9879 | D:10     | Reached XP level 11. HP: 28/58 MP: 17/21
  9924 | D:10     | Noticed a six-headed hydra
  9925 | D:10     | Noticed a two-headed ogre
  9934 | D:10     | Killed a six-headed hydra
  9980 | D:10     | Slain by a two-headed ogre

Illustrated notes

Levels and vault maps discovered:
D:1:      dpeg_arrival_fog, layout_basic, serial_shops, nicolae_shop_waterfront,
          hellmonk_ecumenical_altar_dog_temple
D:2:      layout_basic
D:3:      cheibrodos_helix_gallery, layout_loops_ring, uniq_natasha,
          uniq_grinder, uniq_sigmund
D:4:      layout_layer_cave, mainiacjoe_overflow_alcove_2,
          nicolae_elyvilon_temple_path, serial_shops, shop, uniq_duvessa
D:5:      layout_loops_ring, fedhas_altar_2, nemelex_xobeh_ov_fountains_minmay,
          minmay_temple_entry_arrows
D:6:      layout_gridville
D:7:      layout_basic, uniq_pikel, uniq_maggie
D:8:      layout_loops_corners, lair_entry_dummy, blue_anna_alchemist
D:10:     layout_roguey, mainiacjoe_overflow_catwalk,
          mainiacjoe_overflow_cross_hatched, kennysheep_mini, serial_shops,
          nicolae_shop_hallway_plus, minmay_bent
D:11:     layout_basic, dilly_guarded_unrand_devastator
Temple:   nicolae_temple_x_marks_the_god

Skill      XL: |  1  2  3  4  5  6  7  8  9 10 11 |
---------------+----------------------------------+-----
Fighting       | 1 2 3 4 6 7 |  7.0
Unarmed Combat | 4 5 7 9 11 12 | 12.3
Dodging        | 2 3 |  3.0
Poison Magic   | 1 |  1.0
Transmutations | 3 4 6 7 |  7.0
Spellcasting   | 3 4 6 |  6.0

Action                   |  1- 3 |  4- 6 |  7- 9 | 10-12 || total
-------------------------+-------+-------+-------+-------++-------
Melee: Unarmed           |    79 |    86 |   253 |   193 ||   611
       Bite              |    17 |    21 |    61 |    76 ||   175
       Whip              |     3 |       |       |       ||     3
       Kick              |    16 |    21 |    75 |    59 ||   171
       Headbutt          |     8 |    17 |    45 |    62 ||   132
       Punch             |     2 |     2 |     1 |       ||     5
 Cast: Beastly Appendage |    28 |    22 |    44 |    22 ||   116
       Spider Form       |       |     2 |     3 |       ||     5
 Abil: End Transformatio |       |       |     1 |       ||     1
Evoke: Wand              |       |       |       |     4 ||     4
 Stab: Sleeping          |     3 |     2 |     1 |       ||     6
Armor: Robe              |     8 |    22 |    43 |       ||    73
       Skin              |       |     2 |     2 |       ||     4
       Swamp dragon scal |       |       |     4 |    35 ||    39
Dodge: Dodged            |    35 |    64 |   127 |    56 ||   282
Block: Buckler           |       |       |    22 |    18 ||    40

Table legend: (Time is in decaauts)
 A = Elapsed time spent in this place.
 B = Non-inter-level travel time spent in this place.
 C = Inter-level travel time spent in this place.
 D = Time resting spent in this place.
 E = Time spent auto-exploring this place.
 F = Levels seen in this place.
 G = Mean time per level.
                   A        B        C        D        E       F      G
               +--------+--------+--------+--------+--------+-----+--------+
         Total |   9919 |   9110 |    809 |   1881 |   4940 |  11 |  901.7 |
       Dungeon |   9857 |   9055 |    802 |   1881 |   4894 |  10 |  985.7 |
        Temple |     61 |     54 |      7 |      0 |     46 |   1 |   61.0 |
               +--------+--------+--------+--------+--------+-----+--------+

Top non-repeatable levels by time:
     D:1: 1773 daAuts
     D:2: 1555 daAuts
     D:3: 1321 daAuts
     D:4: 1285 daAuts
     D:5: 1154 daAuts
     D:7: 1015 daAuts
     D:6: 809 daAuts
     D:8: 665 daAuts
    D:10: 259 daAuts
  Temple: 61 daAuts
    D:11: 17 daAuts
